 Dungeon Crawl Stone Soup version 0.29-a0-892-g2c4c91d9db (webtiles) character file.

Game seed: 7834585276915372272

104997 reriks the Fencer (level 16, -24/134 HPs)
             Began as a Barachi Fighter on July 23, 2022.
             Was a High Priest of Cheibriados.
             Killed from afar by a salamander tyrant (50 damage)
             ... with a flame surge
             ... on level 4 of the Snake Pit.
             The game lasted 01:04:03 (39491 turns).

reriks the Fencer (Barachi Fighter)                Turns: 39491, Time: 01:04:03

Health: -24/134    AC: 29    Str: 42    XL:     16   Next: 40%
Magic:  22/22      EV: 29    Int: 23    God:    Cheibriados [*****.]
Gold:   1390       SH: 22    Dex: 32    Spells: 15/15 levels left

rFire   . . .      SeeInvis +   b - +7 double sword of Theory {vamp, rElec rCorr Str+3}
rCold   . . .      Faith    .   Z - +1 kite shield
rNeg    . . .      Spirit   .   E - +0 plate armour of Qetules {Str+6 Dex+3}
rPois   .          Reflect  +   u - +2 helmet {SInv}
rElec   +          Harm     .   V - +0 cloak
rCorr   +          Rampage  .   w - +2 pair of gloves
Will    +....                   B - +2 pair of boots {Stlth+}
Stlth   ..........              g - amulet of reflection
HPRegen 0.32/turn               k - +4 ring of evasion
MPRegen 0.18/turn               x - +4 ring of evasion

@: weakened, very slow
A: amphibious, slowness 1, strong legs 2, +LOS
a: Hop, Renounce Religion, Bend Time, Temporal Distortion, Slouch, Step From
Time


You were on level 4 of the Snake Pit.
You worshipped Cheibriados.
Cheibriados was extremely pleased with you.
You visited 6 branches of the dungeon, and saw 24 of its levels.
You also visited: Bailey.

You collected 3022 gold pieces.
You spent 1632 gold pieces at shops.

Inventory:

Hand Weapons
 b - the +7 double sword of Theory (weapon) {vamp, rElec rCorr Str+3}
   (You acquired it on level 2 of the Orcish Mines)

   It occasionally heals its wielder for a portion of the damage dealt when it
   wounds a living foe.
   Str:       It affects your strength (+3).
   rElec:     It insulates you from electricity.
   rCorr:     It protects you from acid and corrosion.
 T - a +1 hand axe of flaming
Missiles
 i - 2 throwing nets
 y - 19 boomerangs (quivered)
Armour
 u - a +2 helmet of see invisible (worn)
 w - a +2 pair of gloves (worn)
 B - a +2 pair of boots of stealth (worn)
 C - a +0 ring mail of poison resistance
 E - the +0 plate armour of Qetules (worn) {Str+6 Dex+3}
   (You found it on level 2 of the Snake Pit)

   Str:       It affects your strength (+6).
   Dex:       It affects your dexterity (+3).
 K - a +4 plate armour
 Q - a +0 pair of boots
 V - a +0 cloak (worn)
 Z - a +1 kite shield (worn)
Jewellery
 g - an amulet of reflection (around neck)
 k - a +4 ring of evasion (left hand)
 o - a ring of resist corrosion
 q - an amulet of magic regeneration
 r - a ring of protection from cold
 x - a +4 ring of evasion (right hand)
 O - a ring of willpower
Wands
 c - a wand of mindburst (5)
 f - a wand of polymorph (3)
 n - a wand of roots (8)
 v - a wand of flame (16)
 z - a wand of quicksilver (9)
Scrolls
 a - a scroll of enchant weapon
 h - 4 scrolls of silence
 l - 3 scrolls of amnesia
 m - 6 scrolls of teleportation
 t - 3 scrolls of butterflies
 M - 2 scrolls of summoning
 U - a scroll of blinking
 W - 7 scrolls of identify
 Y - 2 scrolls of fear
Potions
 d - 4 potions of might
 e - 5 potions of flight
 j - 4 potions of lignification
 p - 3 potions of resistance
 s - 2 potions of curing
 A - 2 potions of berserk rage
 D - 5 potions of magic
 H - a potion of cancellation
 I - 4 potions of heal wounds
 J - 2 potions of invisibility
 L - 5 potions of brilliance
 P - 4 potions of attraction
 S - 7 potions of ambrosia
 X - 5 potions of mutation


   Skills:
 + Level 14.6 Fighting
 * Level 17.3 Long Blades
 + Level 14.7 Armour
 + Level 12.9 Dodging
 + Level 13.5 Shields
 + Level 8.4 Invocations


You had 15 spell levels left.
You didn't know any spells.
Your spell library contained the following spells:

 Spells                   Type           Power      Damage    Failure   Level
 Foxfire                  Conj/Fire      0%         2x1d4     71%         1
 Slow                     Hex            0%         N/A       71%         1
 Blink                    Tloc           0%         N/A       83%         2
 Static Discharge         Conj/Air       0%         3-3/arc   83%         2
 Confusing Touch          Hex            0%         N/A       97%         3
 Conjure Flame            Conj/Fire      0%         6-21      97%         3
 Gell's Gravitas          Tloc           0%         N/A       97%         3
 Inner Flame              Hex/Fire       0%         N/A       97%         3
 Lesser Beckoning         Tloc           0%         N/A       97%         3
 Ozocubu's Armour         Ice            0%         N/A       97%         3
 Teleport Other           Tloc           0%         N/A       97%         3
 Vampiric Draining        Necr           0%         2d6       97%         3
 Flame Wave               Conj/Fire      0%         2d4       100%        4
 Hailstorm                Conj/Ice       0%         3d3       100%        4
 Ice Form                 Ice/Tmut       0%         N/A       100%        4
 Lightning Bolt           Conj/Air       0%         1d11      100%        5
 Manifold Assault         Tloc           0%         N/A       100%        5
 Metabolic Englaciation   Hex/Ice        0%         N/A       100%        5
 Dispersal                Tloc           0%         N/A       100%        6
 Simulacrum               Ice/Necr       0%         N/A       100%        6
 Maxwell's Capacitive Co  Air            0%         ∞         100%        8


Dungeon Overview and Level Annotations

Branches:
Dungeon (10/15)            Temple (1/1) D:4            Lair (5/5) D:9
  Swamp (2/4) Lair:3        Snake (4/4) Lair:3        Slime (0/5) Lair:4
    Orc (2/2) D:9             Elf (0/3) Orc:2        Bailey (visited)

Altars:
Ashenzari
Cheibriados
Dithmenos
Elyvilon
Fedhas
Gozag
Hepliaklqana
Kikubaaqudgha
Makhleb
Nemelex Xobeh
Okawaru
Qazlal
Ru
Sif Muna
Trog
Uskayaw
Vehumet
Wu Jian
Xom
Yredelemnul
Zin
The Shining One

Shops:
D:2 [   D:4 *   Orc:2 ?([((   Snake:1 =

Annotations:
D:6 3 runed translucent doors, buhh's ghost, novice MeTm
D:9 1 runed translucent door, Caestello's ghost, journeyman GnAr
Lair:5 2 runed translucent doors
Snake:3 2 transporters, Soawkar's ghost, adept GrFi


Innate Abilities, Weirdness & Mutations

You are amphibious.
You cover ground slowly.
You can hop long distances.
You have an extended range of vision and can be seen from far away.


Message History

You carve the guardian serpent like a ham!!!
You feel better.
You kill the guardian serpent!
Cheibriados thoroughly appreciates the change of pace.
You start resting.
You feel sick. x5
You are no longer poisoned.
You start resting.
HP restored.
You start waiting.
Done waiting.
A salamander tyrant comes into view.
You start waiting.
A salamander tyrant is nearby!
What are your orders? t - Croak!
Orders for allies: a - Attack new target. r - Retreat! s - Stop attacking. g - Guard the area. f - Follow me.
Anything else - Cancel.
You croak for attention!
The salamander tyrant rends the earth beneath you!
The blast of magma engulfs you!!
The salamander tyrant calls gouts of flame from the lava!
The flame surge hits you!
You see here a +0 halberd.
The salamander tyrant gazes fiercely through you!
You feel your attacks grow feeble.
The salamander tyrant gazes fiercely through you!
You feel as though you will be weak longer.
There is a stone staircase leading up here.
The salamander tyrant rends the earth beneath you!
The blast of magma engulfs you!!!
The salamander tyrant gazes fiercely through you!
You feel as though you will be weak longer.
The salamander tyrant rends the earth beneath you!
The blast of magma engulfs you!!
* * * LOW HITPOINT WARNING * * *
The salamander tyrant calls gouts of flame from the lava!
The flame surge hits you!!!
You die...

.....#......'..................÷.
.....####...'........)...........
.....####...#....................
.....'......#.....[..............
.....'......#...N.......#....÷...
#....####...#..)...≈...##........
###### #...###!≈)..##'######....
####...##.≈.≈..##.# ##.....
#.......#.)@.).##.# ##......
#...###.#...≈..'..# #.......
#.......'......#.####^...<..
#.......'..)...#....'.......
#...###.#.[....#....'.......
######'''###'##.....#'####.......
..........#............# ########
.......................#
................#.....##


You could see a salamander tyrant.

Vanquished Creatures
  Rupert (Snake:1)
  Kirke (Snake:2)
  A nagaraja (Snake:2)
  Harold (D:9)
  4 salamander tyrants
  2 boulder beetles
  6 hydras
  6 anacondas
  11 naga warriors
  12 naga sharpshooters
  4 death yaks
  Sonja (Lair:4)
  4 shock serpents
  2 salamander mystics
  Amaemon (Lair:1)
  3 naga ritualists
  A spriggan simulacrum (Snake:4)
  2 lindwurms
  5 orc knights
  An orc sorcerer (Orc:2)
  10 mana vipers
  A will-o-the-wisp (Swamp:1)
  12 salamanders
  9 elephants
  25 black mambas
  13 naga magi
  4 guardian serpents (Snake:4)
  An orange demon (Lair:1)
  13 cane toads
  2 molten gargoyles (Lair:5)
  4 rime drakes
  10 komodo dragons
  A torpor snail (Lair:4)
  An entropy weaver simulacrum (Snake:4)
  A queen bee (Lair:4)
  2 polar bears
  3 meliai (Lair:4)
  A tyrant leech (Swamp:1)
  Prince Ribbit (D:6)
  A troll (Orc:2)
  11 blink frogs
  6 wyverns
  A shadow (D:9)
  31 yaks
  5 hogs (Snake:2)
  A dire elephant simulacrum (Snake:4)
  7 basilisks
  4 steam dragons
  3 swamp worms (Swamp:1)
  A harpy simulacrum (Snake:4)
  5 wargs
  2 minotaur simulacra (Snake:4)
  Edmund (D:4)
  44 nagas
  5 water moccasins
  4 hell hounds (Lair:5)
  3 ice beasts
  A swamp drake (D:9)
  2 sky beasts
  A black bear (D:6)
  49 orc warriors
  17 wolves
  16 centaurs
  4 ogres
  A phantom (D:5)
  4 kobold brigands
  Blork the orc (D:6)
  9 bullfrogs
  A deep troll simulacrum (Snake:4)
  2 scorpions
  11 wights
  A lindwurm simulacrum (Snake:4)
  26 killer bees (Lair:4)
  3 howler monkeys
  5 lava snakes (Lair:5)
  7 hounds
  3 jellies
  2 gnoll boudas (D:7)
  13 orc priests
  Jessica (D:2)
  5 iguanas
  22 orc wizards
  Natasha (thrice) (D:2)
  A hell rat (Lair:4)
  Robin (D:4)
  6 gnolls (D:7)
  8 adders
  An ufetubus (D:7)
  2 worms
  2 dart slugs
  103 orcs
  7 ball pythons
  6 endoplasms
  A giant cockroach (D:1)
  19 goblins
  9 hobgoblins
  2 jackals (D:5)
  3 quokkas
  2 bats (D:1)
  3 frilled lizards
  15 kobolds
  2 rats
721 creatures vanquished.

Vanquished Creatures (others)
  2 killer bees (Lair:4)
  An orc wizard (Orc:1)
  12 foxfires (Swamp:1)
  18 fungi
  95 plants
128 creatures vanquished.

Grand Total: 849 creatures vanquished

Notes
Turn   | Place    | Note
-------+----------+-------------------------------------------
     0 | D:1      | reriks the Barachi Fighter began the quest for the Orb.
     0 | D:1      | Reached XP level 1. HP: 18/18 MP: 1/1
   428 | D:1      | Reached XP level 2. HP: 19/25 MP: 2/2
   872 | D:1      | Found a faded altar of an unknown god.
  1130 | D:1      | Reached XP level 3. HP: 30/30 MP: 3/3
  1284 | D:2      | Found Puxax's Antique Armour Emporium.
  1336 | D:2      | Reached skill level 3 in Long Blades
  1491 | D:2      | Noticed Jessica
  1505 | D:2      | Killed Jessica
  1506 | D:2      | Reached skill level 1 in Dodging
  1506 | D:2      | Reached XP level 4. HP: 23/37 MP: 4/4
  1668 | D:2      | Found a blossoming altar of Fedhas.
  2035 | D:2      | Noticed Natasha
  2184 | D:2      | Killed Natasha
  2289 | D:2      | Noticed Natasha
  2296 | D:2      | Killed Natasha
  2297 | D:2      | Reached XP level 5. HP: 30/43 MP: 5/5
  2828 | D:3      | Found a sparkling altar of Nemelex Xobeh.
  3202 | D:3      | Found a shimmering blue altar of Sif Muna.
  3202 | D:3      | Found an ornate altar of the Wu Jian Council.
  3202 | D:3      | Found a basalt altar of Yredelemnul.
  3279 | D:3      | Found a burning altar of Makhleb.
  3279 | D:3      | Noticed a balrug
  3282 | D:3      | Noticed an orange demon
  3282 | D:3      | Noticed a neqoxec
  3429 | D:4      | Noticed Robin
  3431 | D:4      | Found a broken altar of Ashenzari.
  3464 | D:4      | Killed Robin
  3706 | D:4      | Reached skill level 4 in Long Blades
  3706 | D:4      | Reached XP level 6. HP: 38/49 MP: 6/6
  3801 | D:4      | Found a staircase to the Ecumenical Temple.
  3802 | D:4      | Noticed Edmund
  3813 | Temple   | Entered the Ecumenical Temple
  4010 | D:4      | Killed Edmund
  4011 | D:4      | Reached skill level 5 in Fighting
  4011 | D:4      | Reached skill level 5 in Armour
  4520 | D:4      | Found Tolir's Fire Supplies.
  5032 | D:5      | Entered Level 5 of the Dungeon
  5067 | D:5      | Noticed an ice beast
  5082 | D:5      | Killed an ice beast
  5083 | D:5      | Reached XP level 7. HP: 44/56 MP: 7/7
  5512 | D:5      | Reached skill level 5 in Shields
  5752 | D:5      | Reached skill level 5 in Long Blades
  6001 | D:5      | Found a white marble altar of Elyvilon.
  6589 | D:6      | Reached XP level 8. HP: 64/64 MP: 8/8
  6740 | D:6      | Noticed Blork the orc
  6750 | D:6      | Killed Blork the orc
  7358 | D:6      | Reached skill level 6 in Long Blades
  7383 | D:6      | Noticed Prince Ribbit
  7653 | D:6      | Reached skill level 5 in Dodging
  7718 | D:6      | Found a hide-covered altar of Uskayaw.
  7859 | D:5      | Reached XP level 9. HP: 62/72 MP: 9/9
  7934 | D:6      | Killed Prince Ribbit
  8165 | D:6      | Found a runed translucent gate.
  8165 | D:6      | Found a runed translucent gate.
  8165 | D:6      | Found an opulent altar of Gozag.
  8166 | D:6      | Found a runed translucent gate.
  8169 | D:6      | Noticed buhh's ghost (novice MeTm)
  8722 | D:7      | Reached skill level 7 in Long Blades
  9455 | D:8      | Found a flagged portal.
  9465 | Bailey   | Entered a bailey
  9781 | Bailey   | Reached XP level 10. HP: 69/80 MP: 10/10
 10198 | Bailey   | Noticed an orc knight
 10304 | Bailey   | Killed an orc knight
 10305 | Bailey   | Reached skill level 8 in Long Blades
 11749 | D:8      | Found a glowing golden altar of the Shining One.
 11749 | D:8      | Found a blossoming altar of Fedhas.
 11896 | D:8      | Found an ancient bone altar of Kikubaaqudgha.
 12049 | D:9      | Found a runed translucent door.
 12049 | D:9      | Noticed Caestello's ghost (journeyman GnAr)
 12137 | D:9      | Found a snail-covered altar of Cheibriados.
 12149 | D:9      | Became a worshipper of Cheibriados the Contemplative
 12528 | D:10     | Entered Level 10 of the Dungeon
 12778 | D:9      | Found a staircase to the Lair.
 12790 | D:9      | Reached skill level 9 in Long Blades
 12976 | D:9      | Reached * piety under Cheibriados
 13007 | D:9      | Noticed Harold
 13255 | D:9      | Reached XP level 11. HP: 87/89 MP: 11/11
 13341 | D:9      | Killed Harold
 13621 | D:9      | Found a staircase to the Orcish Mines.
 14239 | Orc:1    | Entered Level 1 of the Orcish Mines
 14275 | Orc:1    | Noticed an orc knight
 14523 | Orc:1    | Noticed an orc knight
 14581 | D:9      | Killed an orc knight
 14582 | D:9      | Reached skill level 10 in Fighting
 14934 | Orc:1    | Reached skill level 10 in Armour
 14955 | Orc:1    | Killed an orc knight
 14955 | Orc:1    | Reached ** piety under Cheibriados
 15435 | Orc:2    | Entered Level 2 of the Orcish Mines
 16028 | Orc:1    | Reached *** piety under Cheibriados
 16029 | Orc:1    | Reached skill level 1 in Invocations
 16255 | Orc:2    | Found a staircase to the Elven Halls.
 16263 | Orc:2    | Noticed an orc knight
 16343 | Orc:2    | Reached skill level 10 in Long Blades
 16498 | Orc:2    | Killed an orc knight
 17292 | Orc:2    | Found Fegri's Magic Scroll Shoppe.
 17318 | Orc:2    | Reached **** piety under Cheibriados
 17318 | Orc:2    | Noticed an orc knight
 17365 | Orc:2    | Killed an orc knight
 17385 | Orc:2    | Reached XP level 12. HP: 99/99 MP: 13/13
 17431 | Orc:2    | Bought a scroll of acquirement for 728 gold pieces
 17446 | Orc:2    | Bought a scroll of identify for 28 gold pieces
 17446 | Orc:2    | Bought a scroll of identify for 28 gold pieces
 17446 | Orc:2    | Bought a scroll of identify for 28 gold pieces
 17462 | Orc:2    | Reached skill level 10 in Shields
 17495 | Orc:2    | Acquired the +7 double sword of Theory {vamp, rElec rCorr
                  | Str+3}
 17552 | Orc:2    | Found Geicuh's Weapon Boutique.
 17552 | Orc:2    | Found Hiud's Armour Shoppe.
 17552 | Orc:2    | Found Uheavareat's Antique Weapon Emporium.
 17607 | Orc:2    | Found Pagoedig's Antique Weapon Shop.
 17887 | Orc:2    | Bought a +1 helmet of see invisible for 198 gold pieces
 18149 | Orc:2    | Reached ***** piety under Cheibriados
 18779 | Lair:1   | Entered Level 1 of the Lair of Beasts
 18783 | Lair:1   | Reached skill level 11 in Long Blades
 19278 | Lair:1   | Noticed Amaemon
 19294 | Lair:1   | Killed Amaemon
 19862 | Lair:2   | Noticed a boulder beetle
 20083 | Lair:2   | Killed a boulder beetle
 20260 | Lair:2   | Reached skill level 12 in Long Blades
 20323 | Lair:2   | Noticed an eight-headed hydra
 20692 | Lair:2   | Killed a one-headed hydra
 20693 | Lair:2   | Reached skill level 10 in Dodging
 20693 | Lair:2   | Gained mutation: You can hop long distances. [Barachi
                  | growth]
 20693 | Lair:2   | Reached XP level 13. HP: 80/106 MP: 14/16
 22652 | Lair:3   | Found a staircase to the Swamp.
 22664 | Lair:3   | Found a staircase to the Snake Pit.
 22984 | Lair:3   | Reached skill level 5 in Invocations
 22993 | Lair:3   | Reached skill level 13 in Long Blades
 24860 | Lair:4   | Reached ****** piety under Cheibriados
 25597 | Lair:4   | Reached XP level 14. HP: 91/116 MP: 18/18
 25939 | Lair:4   | Noticed Sonja
 25943 | Lair:4   | Killed Sonja
 26012 | Lair:4   | Found a staircase to the Slime Pits.
 26415 | D:2      | Noticed Natasha
 26641 | D:2      | Bought a pair of embroidered boots for 172 gold pieces
 26682 | D:2      | Killed Natasha
 27115 | Lair:5   | Entered Level 5 of the Lair of Beasts
 27125 | Lair:5   | Reached skill level 14 in Long Blades
 27967 | Lair:5   | Found a large runed translucent door.
 27969 | Lair:5   | Found a large runed translucent door.
 29052 | Swamp:1  | Entered Level 1 of the Swamp
 29286 | Swamp:2  | Noticed a thorn hunter
 29782 | Snake:1  | Entered Level 1 of the Snake Pit
 29962 | Snake:1  | Found Qofumm's Jewellery Boutique.
 29971 | Snake:1  | Bought an amulet of reflection for 450 gold pieces
 30125 | Snake:2  | Reached skill level 15 in Long Blades
 30559 | Snake:1  | You fall into a shaft and drop 1 floor!
 30921 | Snake:1  | Reached XP level 15. HP: 124/124 MP: 20/20
 31287 | Snake:1  | Noticed Rupert
 31293 | Snake:1  | Paralysed by Rupert for 2 turns
 31303 | Snake:1  | Killed Rupert
 32794 | Snake:3  | Noticed a nagaraja
 32794 | Snake:3  | Found a transporter.
 32799 | Snake:3  | Noticed Soawkar's ghost (adept GrFi)
 33335 | Snake:3  | HP: 6/125 [poisoned by a naga ritualist (toxic radiance)]
 33340 | Snake:3  | HP: 3/125 [poisoned by a naga ritualist (toxic radiance)]
 33344 | Snake:3  | HP: 1/125 [poisoned by a naga ritualist (toxic radiance)]
 33784 | Snake:3  | Acquired 834 gold pieces
 33818 | Snake:3  | Found a transporter.
 34106 | Snake:2  | Noticed a nagaraja
 34123 | Snake:2  | Killed a nagaraja
 34124 | Snake:2  | Reached skill level 16 in Long Blades
 34613 | Snake:2  | Noticed Kirke
 34623 | Snake:2  | Killed Kirke
 34914 | Snake:2  | Identified the +0 plate armour of Qetules {Str+6 Dex+3}
 36010 | Snake:4  | Entered Level 4 of the Snake Pit
 36381 | Snake:4  | Found a shimmering altar of Xom.
 36826 | Snake:4  | Reached XP level 16. HP: 107/133 MP: 22/22
 37683 | Snake:4  | Reached skill level 17 in Long Blades
 39491 | Snake:4  | Killed from afar by a salamander tyrant

Illustrated notes

Levels and vault maps discovered:
D:1:      dpeg_arrival_brainrot, layout_loops_ring, basic_ecumenical_altar
D:2:      layout_loops_corners, basic_altar, serial_shops,
          nicolae_shop_hallway_stairs, grunt_decor_mini_mirrors,
          columned_hall_lemuel, uniq_jessica, uniq_natasha
D:3:      layout_rooms, makhleb_altar_promises_db, marbit_many_paths,
          gammafunk_temple_overflow_forgotten, serial_bayou_lagoon_a,
          kennysheep_nondescript
D:4:      layout_basic, evilmike_ruin_ashenzari, minmay_temple_entry_trees,
          nicolae_shop_fire_sale [nicolae_sub_dead_trees], uniq_robin,
          uniq_edmund
D:5:      layout_cave_pools, lemuel_coloured_pillars_altar
D:6:      layout_cave_pools, nicolae_uskayaw_dance_studio, ebering_ghost_gozag,
          uniq_prince_ribbit1, uniq_blork_the_orc
D:7:      wad_river_or_something, layout_loops_ring, grunt_decor_cap
D:8:      layout_cave_pools, nicolae_overflow_hidden_temple, minitemple,
          enter_bailey_5, kennysheep_generic_room_2
D:9:      layout_cave_pods, mainiacjoe_overflow_cross_hatched, lair_entry_dummy,
          erik_orc_1, hellmonk_ghost_happy_afterlife, uniq_harold
D:10:     layout_cave_pods
Temple:   eino_temple_lava
Lair:1:   layout_chaotic_city, grunt_forest_stairs_basic, grunt_megastairs_3,
          serial_bayou_shore_a, uniq_amaemon
Lair:2:   layout_regular_city, grunt_megastairs_4, serial_bayou_shore_b,
          serial_bayou_shore_b
Lair:3:   layout_gridlike, swamp_mist, guppyfry_snake_entry_garden,
          serial_bayou_shore_b
Lair:4:   regret_index_wax_grids, layout_hall_layers, dpeg_slime_entry_enclosed,
          uniq_sonja
Lair:5:   cheibrodos_lair_end_hotspot, layout_regular_city, serial_bayou_shore_b
Swamp:1:  layout_basic_swamp, lemuel_altar_in_water, swamp_pool5,
          hangedman_swamp_cone
Swamp:2:  layout_basic_swamp, evilmike_swamp_ruin_house_2,
          infiniplex_staircase_pool
Snake:1:  nicolae_snake_nest, layout_grid_maze, serial_shops, shop_statue,
          st_stairs_5, uniq_rupert
Snake:2:  layout_onion_interference, uniq_kirke
Snake:3:  layout_misc_corridors, gammafunk_ghost_arena
Snake:4:  snake_pit_salamanders_mu, layout_gridlike,
          portal_ice_cave_entry_ice_simulacra, basic_altar, drop_trap
Orc:1:    layout_caves, minmay_orc_temple_b
Orc:2:    st_orc_rangers, layout_diamond_mine, serial_shops, shop

Skill      XL: |  1  2  3  4  5  6  7  8  9 10 11 12 13 14 15 16 |
---------------+-------------------------------------------------+-----
Fighting       | 4 5 7 8 9 10 11 12 13 14 | 14.6
Long Blades    | 3 4 5 6 7 9 10 12 13 15 16 17 | 17.3
Armour         | 4 5 6 8 9 10 11 12 13 14 | 14.7
Dodging        | 1 2 3 5 6 7 9 10 11 12 | 12.9
Shields        | 4 5 6 7 8 9 10 11 12 13 | 13.5
Invocations    | 2 4 5 7 8 |  8.4

Action                   |  1- 3 |  4- 6 |  7- 9 | 10-12 | 13-15 | 16-18 || total
-------------------------+-------+-------+-------+-------+-------+-------++-------
Melee: Long sword        |    79 |   147 |   392 |   151 |       |       ||   769
       Scimitar          |       |       |       |   483 |       |       ||   483
       Double sword      |       |       |       |   206 |  1016 |   140 ||  1362
       Hand axe          |       |       |       |    15 |    29 |       ||    44
Throw: Boomerang         |       |     4 |    39 |    42 |     2 |       ||    87
Invok: Bend Time         |       |       |       |     5 |     1 |       ||     6
       Slouch            |       |       |       |     3 |     9 |     3 ||    15
 Abil: Hop               |       |     1 |     2 |     1 |     1 |     1 ||     6
Evoke: Wand              |       |     1 |     3 |     6 |       |       ||    10
  Use: Scroll            |       |    12 |     5 |    25 |     7 |       ||    49
       Potion            |       |     1 |       |     1 |     3 |       ||     5
Armor: Scale mail        |    28 |    54 |     9 |       |       |       ||    91
       Ring mail         |       |       |    38 |       |       |       ||    38
       Plate armour      |       |       |    81 |   338 |   247 |    21 ||   687
Dodge: Dodged            |    38 |    97 |   338 |   925 |   801 |   111 ||  2310
Block: Buckler           |    11 |    38 |   114 |   446 |    67 |       ||   676
       Kite shield       |       |       |       |       |   941 |   170 ||  1111
       Reflection        |       |       |       |       |    81 |    20 ||   101

Table legend: (Time is in decaauts)
 A = Elapsed time spent in this place.
 B = Non-inter-level travel time spent in this place.
 C = Inter-level travel time spent in this place.
 D = Time resting spent in this place.
 E = Time spent auto-exploring this place.
 F = Levels seen in this place.
 G = Mean time per level.
                   A        B        C        D        E       F      G
               +--------+--------+--------+--------+--------+-----+--------+
         Total |  52097 |  46796 |   5301 |  19949 |  18596 |  25 | 2083.9 |
       Dungeon |  16914 |  14483 |   2431 |   5889 |   6037 |  10 | 1691.4 |
        Temple |    156 |    156 |      0 |     89 |     42 |   1 |  156.0 |
          Lair |  13910 |  12503 |   1407 |   4452 |   6149 |   5 | 2782.0 |
         Swamp |    813 |    774 |     39 |    604 |     50 |   2 |  406.5 |
     Snake Pit |  13791 |  12786 |   1005 |   5606 |   4863 |   4 | 3447.8 |
  Orcish Mines |   4596 |   4179 |    417 |   1893 |   1307 |   2 | 2298.0 |
        Bailey |   1916 |   1916 |      0 |   1414 |    145 |   1 | 1916.0 |
               +--------+--------+--------+--------+--------+-----+--------+

Top non-repeatable levels by time:
 Snake:4: 3870 daAuts
 Snake:1: 3836 daAuts
     D:9: 3787 daAuts
  Lair:4: 3631 daAuts
 Snake:2: 3615 daAuts
   Orc:2: 3190 daAuts
  Lair:5: 3024 daAuts
  Lair:3: 2650 daAuts
  Lair:2: 2584 daAuts
 Snake:3: 2469 daAuts
     D:2: 2144 daAuts
  Lair:1: 2019 daAuts
     D:4: 1971 daAuts
  Bailey: 1916 daAuts
     D:5: 1862 daAuts
